 Dungeon Crawl Stone Soup version 0.22-a0-567-gff9aefc (webtiles) character file.

6534 vineage the Fighter (level 10, -6/85 HPs)
             Began as a Demonspawn Fighter on June 29, 2018.
             Was a Priest of Okawaru.
             Mangled by Snorg (12 damage)
             ... on level 10 of the Dungeon.
             The game lasted 00:13:50 (9824 turns).

vineage the Fighter (Demonspawn Fighter)            Turns: 9824, Time: 00:13:53

Health: -6/85      AC: 15    Str: 19    XL:     10   Next: 69%
Magic:  10/10      EV:  4    Int: 14    God:    Okawaru [***...]
Gold:   619        SH: 10    Dex: 13    Spells: 9/9 levels left

rFire    + + .     SeeInvis .   a - +1 war axe
rCold    x . .     Gourm    .   c - +0 shield
rNeg     . . .     Faith    .   u - +0 plate armour
rPois    .         Spirit   .   (helmet restricted)
rElec    .         Reflect  .   H - +0 cloak
rCorr    .         Harm     .   m - +0 pair of gloves
MR       .....                  (no boots)
Stlth    ..........             v - amulet of regeneration
HPRegen  0.64/turn              j - +4 ring of intelligence
MPRegen  0.12/turn              y - ring of fire

@: no status effects
A: claws 1, horns 2, talons 2, fire resistance 1
a: Heroism, Renounce Religion


You were on level 10 of the Dungeon.
You worshipped Okawaru.
Okawaru was most pleased with you.
You were not hungry.

You visited 2 branches of the dungeon, and saw 11 of its levels.
You also visited: Sewer.

You collected 619 gold pieces.

Inventory:

Hand Weapons
 a - a +1 war axe (weapon)
Armour
 c - a +0 shield (worn)
 m - a +0 pair of gloves (worn)
 u - a +0 plate armour (worn)
 H - a +0 cloak (worn)
Jewellery
 j - a +4 ring of intelligence (left hand)
 v - an amulet of regeneration (around neck)
 y - a ring of fire (right hand)
Wands
 x - a wand of paralysis (10)
 A - a wand of polymorph (14)
 B - a wand of iceblast (9)
 G - a wand of random effects (15)
Scrolls
 b - a scroll of enchant armour {unknown}
 e - 5 scrolls of remove curse
 g - 2 scrolls of amnesia
 h - 3 scrolls of fear
 k - 5 scrolls of enchant weapon
 n - 2 scrolls of noise
 o - a scroll of fog
 q - 6 scrolls of teleportation
 s - a scroll of blinking
 z - 2 scrolls of immolation {unknown}
 J - a scroll of torment {unknown}
Potions
 d - 2 potions of might
 i - 2 potions of berserk rage {unknown}
 l - 2 potions of agility {unknown}
 r - 4 potions of curing
 t - a potion of haste {unknown}
 w - 2 potions of resistance {unknown}
 C - a potion of lignification {unknown}
 D - a potion of flight {unknown}
 E - a potion of degeneration {unknown}
 F - a potion of ambrosia {unknown}
Comestibles
 f - 15 rations


   Skills:
 * Level 9.8 Fighting
 + Level 9.4 Axes
 + Level 7.0 Armour
 + Level 1.3 Dodging
 + Level 5.5 Shields


You had 9 spell levels left.
You didn't know any spells.
Your spell library was empty.

Dungeon Overview and Level Annotations

Branches:
Dungeon (10/15)            Temple (1/1) D:6            Lair (0/6) D:9
    Orc: D:9-12

Altars:
Ashenzari
Dithmenos
Elyvilon
Fedhas
Gozag
Hepliaklqana
Kikubaaqudgha
Makhleb
Nemelex Xobeh
Okawaru
Qazlal
Trog
Uskayaw
Vehumet
Wu Jian
Xom
Yredelemnul
The Shining One

Shops:
D:4 *

Annotations:
D:10 Snorg


Innate Abilities, Weirdness & Mutations

You have sharp fingernails.
You have a pair of horns on your head.
You have razor-sharp toenails.
Your flesh is heat resistant. (rF+)


Message History

Snorg claws you but does no damage. Snorg claws you!
You slash Snorg! Your headbutt misses Snorg.
Snorg is heavily wounded.
Snorg bites you! You block Snorg's attack. x2
You slice Snorg!! You claw Snorg!
Snorg is severely wounded.
You block Snorg's attack. Snorg claws you. Snorg claws you but does no damage.
Snorg bites you!!
* * * LOW HITPOINT WARNING * * *
Snorg claws you but does no damage. Snorg claws you.
* * * LOW HITPOINT WARNING * * *
You are too injured to fight recklessly!
You feel much better. Snorg bites you!
* * * LOW HITPOINT WARNING * * *
Snorg claws you!
* * * LOW HITPOINT WARNING * * *
Snorg claws you.
* * * LOW HITPOINT WARNING * * *
Snorg bites you!
You die...

# #.# # #.# # #.#
# #.# # #.# # #.#
#.# #.# ..# #T#
#.# #.# ..# #@#
#.# #.# #.# #.#
#.# #.# #.# #.#
#.#####.# #.# #.#
........####.# #.#
............>###.#
.................#
..####.#####.#####
..# #..# #.#


You could see Snorg (berserk).

Vanquished Creatures
  Erolcha (D:10)
  A two-headed ogre (D:8)
  4 water elementals (D:10)
  A wyvern (D:8)
  2 steam dragons (D:7)
  A hungry ghost (D:8)
  2 ice beasts
  3 orc warriors
  2 sky beasts
  3 phantoms
  5 ogres
  5 centaurs
  A necrophage (D:7)
  A crocodile (D:9)
  2 big kobolds (Sewer)
  7 bullfrogs
  A howler monkey (D:5)
  4 wights (D:8)
  5 crimson imps
  3 jellies (D:9)
  2 hounds (D:5)
  A bullfrog skeleton (D:6)
  3 orc priests
  8 orc wizards
  5 iguanas
  10 worker ants
  A hound skeleton (D:6)
  13 adders
  3 gnolls (D:2)
  A river rat (Sewer)
  7 oozes
  5 adder zombies
  An adder skeleton (D:4)
  4 worms
  3 dart slugs
  3 leopard geckos
  26 orcs
  4 ball pythons
  4 bats
  4 giant cockroaches
  8 goblins
  10 hobgoblins
  10 jackals
  3 quokkas
  9 frilled lizards
  10 kobolds
  A leopard gecko skeleton (D:5)
  A leopard gecko zombie (D:7)
  A quokka skeleton (D:9)
  11 rats
226 creatures vanquished.

Vanquished Creatures (others)
  A centaur (D:8)
  A giant cockroach (D:8)
2 creatures vanquished.

Grand Total: 228 creatures vanquished

Notes
Turn   | Place    | Note
-------+----------+-------------------------------------------
     0 | D:1      | vineage the Demonspawn Fighter began the quest for the Orb.
     0 | D:1      | Reached XP level 1. HP: 18/18 MP: 1/1
   117 | D:1      | Gained mutation: You have sharp toenails. [demonic ancestry]
   117 | D:1      | Reached XP level 2. HP: 22/24 MP: 2/2
   592 | D:2      | Reached XP level 3. HP: 30/30 MP: 3/3
   817 | D:2      | Gained mutation: You have sharp fingernails. [demonic ancestry]
   817 | D:2      | Reached XP level 4. HP: 34/38 MP: 4/4
   994 | D:2      | Found a blossoming altar of Fedhas.
  1205 | D:2      | Reached XP level 5. HP: 26/43 MP: 5/5
  1833 | D:3      | Found an opulent altar of Gozag.
  1885 | D:3      | Reached skill level 5 in Fighting
  1950 | D:3      | Found a glowing drain.
  1965 | Sewer    | Entered a sewer
  2041 | Sewer    | Gained mutation: You have razor-sharp toenails. [demonic ancestry]
  2041 | Sewer    | Reached XP level 6. HP: 39/51 MP: 6/6
  3101 | D:4      | Found Neilo's Assorted Antiques.
  3370 | D:4      | Reached skill level 5 in Axes
  3370 | D:4      | Gained mutation: You have a pair of small horns on your head. [demonic ancestry]
  3370 | D:4      | Reached XP level 7. HP: 51/57 MP: 7/7
  3646 | D:5      | Entered Level 5 of the Dungeon
  3715 | D:5      | Found a shattered altar of Ashenzari.
  4153 | D:5      | Found a white marble altar of Elyvilon.
  4197 | D:5      | Reached XP level 8. HP: 48/65 MP: 8/8
  4239 | D:5      | Noticed a moth of wrath
  4242 | D:5      | Found a bloodstained altar of Trog.
  5286 | D:6      | Found a staircase to the Ecumenical Temple.
  5439 | Temple   | Entered the Ecumenical Temple
  5460 | Temple   | Became a worshipper of Warmaster Okawaru
  5876 | D:6      | Found a glowing golden altar of the Shining One.
  5888 | D:6      | Found a shadowy altar of Dithmenos.
  6113 | D:6      | Gained mutation: You have a pair of horns on your head. [demonic ancestry]
  6113 | D:6      | Reached XP level 9. HP: 74/74 MP: 9/9
  6848 | D:7      | Reached * piety under Okawaru
  7343 | D:8      | Found a runed door.
  7349 | D:8      | Found a basalt altar of Yredelemnul.
  7433 | D:8      | Reached skill level 5 in Armour
  7469 | D:8      | Noticed a two-headed ogre
  7480 | D:8      | Killed a two-headed ogre
  7531 | D:8      | Reached ** piety under Okawaru
  7531 | D:8      | Reached skill level 1 in Dodging
  7823 | D:8      | Gained mutation: Your flesh is heat resistant. (rF+) [demonic ancestry]
  7823 | D:8      | Reached XP level 10. HP: 80/83 MP: 10/10
  7952 | D:8      | Found a shimmering altar of Xom.
  8294 | D:9      | Reached skill level 5 in Shields
  8317 | D:9      | Found a staircase to the Lair.
  8746 | D:10     | Entered Level 10 of the Dungeon
  9101 | D:10     | Reached *** piety under Okawaru
  9554 | D:10     | Noticed Erolcha
  9577 | D:10     | Killed Erolcha
  9811 | D:10     | Noticed Snorg
  9824 | D:10     | Mangled by Snorg

Vault maps used:
D:1:      lightli_arrival_farm, minmay_misc_feat_columns
D:2:      lemuel_crystal_altar, grunt_decor_resistance
D:3:      nicolae_gozag_cash_rules_everything_around_me, portal_sewer_entry_d
D:4:      serial_shops, nicolae_shop_waterfront
D:5:      tgw_trog, cheibrodos_ashenzari_chains, first_ration, elyvilon_altar_1
D:6:      minitemple, minmay_temple_entry_overgrown, enter_ossuary_2,
          minmay_misc_feat_doors
D:7:      kennysheep_steamy, grunt_ministairs_5
D:8:      xom_teletrap_fun, dk_yredelemnul_ordeal
D:9:      lair_entry_dummy, hangedman_little_slice_of_home
D:10:     basic_altar, nicolae_underground_beach, uniq_snorg, uniq_erica,
          uniq_erolcha
Temple:   zaba_magenta_temple
Sewer:    sewer_co_15_rooms

Skill      XL: |  1  2  3  4  5  6  7  8  9 10 |
---------------+-------------------------------+-----
Axes           | 2 3 4 5 6 7 8 9 |  9.4
Fighting       | 4 5 6 8 9 |  9.8
Shields        | 3 4 5 |  5.5
Armour         | 3 4 5 7 |  7.0
Dodging        | 1 |  1.3

Action                   |  1- 3 |  4- 6 |  7- 9 | 10-12 || total
-------------------------+-------+-------+-------+-------++-------
Melee: War axe           |    52 |   202 |   290 |   188 ||   732
       Kick              |    10 |    39 |    79 |    50 ||   178
       Headbutt          |       |       |    60 |    35 ||    95
Invok: Heroism           |       |       |     1 |       ||     1
  Use: Scroll            |     6 |     3 |     4 |     1 ||    14
       Potion            |       |       |     2 |     5 ||     7
  Eat: Ration            |       |     1 |     4 |     1 ||     6
       Chunk             |       |     5 |     6 |     3 ||    14
Armor: Scale mail        |    26 |    59 |    63 |       ||   148
       Plate armour      |       |       |    84 |    95 ||   179
Dodge: Dodged            |     8 |    43 |    64 |    25 ||   140
Block: Shield            |    17 |    91 |   151 |    82 ||   341

Table legend:
 A = Spawn XP
 B = Non-spawn XP
 C = Spawn XP percentage of total XP
 D = Spawn monster count
 E = Non-spawn monster count
 F = Spawn count percentage of total count
 G = Total turns spent on level
                    A         B        C        D         E        F      G
               +---------+---------+-------+---------+---------+-------+---------
         Total |       0 |    9335 |   0.0 |       0 |     226 |   0.0 |  9824
               +---------+---------+-------+---------+---------+-------+---------
           D:1 |       0 |      37 |   0.0 |       0 |      20 |   0.0 |   587
           D:2 |       0 |     163 |   0.0 |       0 |      26 |   0.0 |   957
           D:3 |       0 |      87 |   0.0 |       0 |      19 |   0.0 |   824
           D:4 |       0 |     218 |   0.0 |       0 |      11 |   0.0 |   733
           D:5 |       0 |     783 |   0.0 |       0 |      27 |   0.0 |  1156
           D:6 |       0 |    1390 |   0.0 |       0 |      32 |   0.0 |  1304
           D:7 |       0 |     624 |   0.0 |       0 |       8 |   0.0 |  1006
           D:8 |       0 |    2078 |   0.0 |       0 |      17 |   0.0 |   907
           D:9 |       0 |     932 |   0.0 |       0 |      26 |   0.0 |   621
          D:10 |       0 |    2779 |   0.0 |       0 |      25 |   0.0 |  1078
         Sewer |       0 |     244 |   0.0 |       0 |      15 |   0.0 |   545
               +---------+---------+-------+---------+---------+-------+---------
